 Dungeon Crawl Stone Soup version 0.28-a0-429-g1448048969 (webtiles) character file.

Game seed: 9955243250575079314

75 avis the Ruffian (level 4, -16/42 HPs)
             Began as a Naga Transmuter on Sept 11, 2021.
             Demolished by an ogre (26 damage)
             ... on level 4 of the Dungeon on Sept 12, 2021.
             The game lasted 00:15:48 (2745 turns).

avis the Ruffian (Naga Transmuter)                  Turns: 2745, Time: 00:15:48

Health: -16/42     AC:  3    Str: 12    XL:     4   Next: 31%
Magic:  1/7        EV:  9    Int: 15    God:
Gold:   182        SH:  0    Dex: 11    Spells: 3/7 levels left

rFire   . . .      SeeInvis +   a - +2 dagger (venom)
rCold   . . .      Faith    .   (no shield)
rNeg    . . .      Spirit   .   q - +0 robe
rPois   +          Reflect  .   (helmet currently unavailable)
rElec   .          Harm     .   (no cloak)
rCorr   .          Rampage  .   j - +0 pair of gloves
Will    .....                   (no barding)
Stlth   +.........              (no amulet)
HPRegen 0.14/turn               (no ring)
MPRegen 0.10/turn               (no ring)

@: appendages, very slightly contaminated, very slow
A: horns 2, AC +1, large, see invisible, deformed body, poison resistance,
slowness 2, spit poison 1, naga tail 1
a: Spit Poison, End Transformation


You were on level 4 of the Dungeon.
You had temporarily grown beastly horns.
You visited 1 branch of the dungeon, and saw 4 of its levels.

You collected 182 gold pieces.

Inventory:

Hand Weapons
 a - a +2 dagger of venom (weapon)
 b - a +1 short sword of speed
Missiles
 g - 64 stones
 k - 60 arrows
 s - 18 sling bullets
Armour
 h - a +0 kite shield
 j - a +0 pair of gloves (worn)
 q - a +0 robe (worn)
Jewellery
 n - an amulet of guardian spirit
Scrolls
 m - a scroll of immolation {unknown}
 r - a scroll of vulnerability {unknown}
 t - a scroll of teleportation {unknown}
 u - a scroll of summoning {unknown}
Potions
 d - 3 potions of curing
 e - a potion of might {unknown}
 o - a potion of flight {unknown}
 p - a potion of cancellation {unknown}


   Skills:
 - Level 3.0 Fighting
 - Level 1.5 Dodging
 - Level 3.0 Unarmed Combat
 - Level 2.0 Spellcasting
 * Level 2.8 Transmutations
 - Level 2.0 Poison Magic


You had 3 spell levels left.
You knew the following spells:

 Your Spells              Type           Power      Damage    Failure   Level
a - Beastly Appendage     Tmut           20%        N/A       7%          1
p - Spider Form           Tmut/Pois      4%         N/A       24%         3

Your spell library contained the following spells:

 Spells                   Type           Power      Damage    Failure   Level
 Wereblood                Tmut           10%        N/A       11%         2
 Ice Form                 Ice/Tmut       5%         N/A       77%         4


Dungeon Overview and Level Annotations

Branches:
Dungeon (4/15)
 Temple: D:4-7

Altars:

Shops:
D:2 (   D:3 *


Innate Abilities, Weirdness & Mutations

You have temporarily grown beastly horns.
Your serpentine skin is tough. (AC +1)
You have supernaturally acute eyesight. (SInv)
Armour fits poorly on your strangely shaped body.
Your system is resistant to poisons. (rPois)
You cover ground very slowly.
You can spit poison.
You have a snake-like lower body.


Message History

You climb downwards.
You hear the sound of rushing water.
There is an entrance to a sewer on this level.
Hurry and find it before the portal rusts away!
You hear the slow rusting of a distant drain.
There is a stone staircase leading up here.
Your transformation is almost over.
An ogre comes into view. It is wielding a +0 giant spiked club.
Found a stone staircase leading down.
The ogre shouts!
Found a robe.
Casting: Beastly Appendage (safe; 7% risk of failure)
Confirm with . or Enter, or press ? or * to list all spells.
The spell is quite dangerous to cast (24% risk of failure)!
Continue anyway?
You miscast Spider Form.
You are very lightly contaminated with residual magic.
Nothing appears to happen.
Your horns disappear.
The ogre hits you with a +0 giant spiked club!
You hit the ogre.
The ogre is lightly wounded.
The ogre hits you with a +0 giant spiked club!!
Casting: Spider Form (quite dangerous; 24% risk of failure)
Confirm with . or Enter, or press ? or * to list all spells.
The spell is quite dangerous to cast (24% risk of failure)!
Continue anyway?
You miscast Spider Form.
Nothing appears to happen.
The ogre barely misses you.
Casting: Spider Form (quite dangerous; 24% risk of failure)
Confirm with . or Enter, or press ? or * to list all spells.
You grow a pair of large bovine horns.
The ogre misses you.
You hit the ogre.
The ogre is lightly wounded.
The ogre hits you with a +0 giant spiked club!
* * * LOW HITPOINT WARNING * * *
You feel better.
You hit the ogre.
The ogre is poisoned.
You headbutt the ogre.
The ogre is heavily wounded.
The ogre hits you with a +0 giant spiked club.
* * * LOW HITPOINT WARNING * * *
The ogre hits you with a +0 giant spiked club!!
Ouch! That really hurt!
You die...

*,*,***********#.# *,*,* #.#
****,*,* #.# ,,,*,*,* #>#
,,,,,,,* #.# **,***** #.#
**,*****##### ####.######****
,,,,,,,,,...# #.O........[,,*
**,*#######.####@##..######*,*
,,,,...............#.# *,*
*,,,.................# *,*
,,,,*###.##<####.#.### *,*
,,,,* *,*#.# #.#.#**** *,*
,,,,* *,*#.# #.#..,,,* *,*
,,,,* *,*#.# #..*##*,* *,*
,,,,* *,*#.# #..* *,* *,*
,,,,* *,*#.# *..# *,* *,*


You could see an ogre (very poisoned).

Vanquished Creatures
  3 adders
  A dart slug (D:1)
  6 orcs (D:3)
  2 endoplasms
  3 giant cockroaches
  4 goblins
  5 hobgoblins
  2 quokkas
  A ball python (D:3)
  4 bats
  A frilled lizard (D:3)
  3 kobolds
  2 rats
37 creatures vanquished.

Notes
Turn   | Place    | Note
-------+----------+-------------------------------------------
     0 | D:1      | avis the Naga Transmuter began the quest for the Orb.
     0 | D:1      | Reached XP level 1. HP: 18/18 MP: 3/3
   310 | D:1      | Reached XP level 2. HP: 26/26 MP: 3/5
   336 | D:1      | Found a faded altar of an unknown god.
  1179 | D:2      | Reached XP level 3. HP: 33/33 MP: 4/6
  1192 | D:2      | Reached skill level 1 in Poison Magic
  1399 | D:2      | Found Teffushro's Weapon Shoppe.
  1721 | D:3      | Learned a level 3 spell: Spider Form
  1804 | D:3      | Found Jaor's General Store.
  2022 | D:3      | Reached XP level 4. HP: 23/42 MP: 0/7
  2734 | D:4      | Noticed an ogre
  2745 | D:4      | Demolished by an ogre

Illustrated notes

Levels and vault maps discovered:
D:1:      nagdon_arrival_double_spiral, layout_rooms,
          ebering_ecumenical_altar_rust
D:2:      layout_loops_ring, serial_shops, shop
D:3:      layout_rooms, serial_shops, nicolae_square_shop
D:4:      layout_loops_ring, nicolae_ru_awakened_eye,
          hellmonk_ghost_happy_afterlife, portal_sewer_entry_d,
          minmay_manual_mess

Skill      XL: |  1  2  3 |
---------------+----------+-----
Fighting       | 2 3 |  3.0
Poison Magic   | 2 |  2.0
Dodging        | |  1.5
Unarmed Combat | |  3.0
Spellcasting   | |  2.0
Transmutations | |  2.8

Action                   |  1- 3 |  4- 6 || total
-------------------------+-------+-------++-------
Melee: Unarmed           |    48 |     6 ||    54
       Headbutt          |     5 |     4 ||     9
       Punch             |     1 |     1 ||     2
       Dagger            |       |    23 ||    23
 Cast: Beastly Appendage |    16 |     5 ||    21
       Spider Form       |     2 |       ||     2
 Abil: Spit Poison       |    29 |     1 ||    30
  Use: Scroll            |       |     3 ||     3
       Potion            |       |     1 ||     1
Armor: Robe              |    11 |    12 ||    23
Dodge: Dodged            |    23 |    17 ||    40

Table legend: (Time is in decaauts)
 A = Elapsed time spent in this place.
 B = Non-inter-level travel time spent in this place.
 C = Inter-level travel time spent in this place.
 D = Time resting spent in this place.
 E = Time spent auto-exploring this place.
 F = Levels seen in this place.
 G = Mean time per level.
                   A        B        C        D        E       F      G
               +--------+--------+--------+--------+--------+-----+--------+
         Total |   3462 |   2965 |    497 |    672 |   1720 |   4 |  865.5 |
       Dungeon |   3462 |   2965 |    497 |    672 |   1720 |   4 |  865.5 |
               +--------+--------+--------+--------+--------+-----+--------+

Top non-repeatable levels by time:
     D:1: 1191 daAuts
     D:3: 1176 daAuts
     D:2: 1062 daAuts
     D:4: 32 daAuts
